Map: New Gettysburg LE

Players

LettuceBrain

  • Race: Terran Terran
  • League: Grandmaster

IIIIIIIIIIII (State) - Winner!

  • Race: Protoss Protoss
  • League: Grandmaster

VOD

Have the link to the VOD?

Description

Time

  • Played on: Sept. 22, 2016, 9:19 a.m.
  • Length: 24:33
Show
View Real Time Build Order
Export as new Build Order

LettuceBrain Terran 

Build Orders: MMM Bio 

Get SALT Encoding   

  12  0:00  SCV  
  13  0:13  SCV  
  14  0:18  Supply Depot  
  14  0:25  SCV  
  15  0:39  SCV  
  15  0:41  Barracks  
  16  0:51  SCV  
  17  1:04  SCV  
  18  1:05  Refinery  
  18  1:16  SCV  
  19  1:28  Orbital Command  
  19  1:29  Marine  
  20  1:39  Command Center  
  20  1:49  Barracks Reactor  
  20  1:51  Supply Depot  
  20  1:55  SCV  
  21  2:07  SCV  
  22  2:19  SCV  
  23  2:24  Command Center  
  23  2:30  Marine x2  
  23  2:32  SCV  
  26  2:39  Barracks  
  26  2:44  SCV  
  26  2:49  Marine x2  
  29  2:55  Orbital Command  
  29  2:58  SCV  
  30  3:07  Barracks  
  30  3:11  Marine x2  
  32  3:17  SCV  
  33  3:21  SCV  
  34  3:27  Barracks Tech Lab  
  34  3:30  Engineering Bay, SCV  
  34  3:33  Marine x2, SCV  
  38  3:38  Orbital Command  
  38  3:42  SCV  
  38  3:46  SCV  
  38  3:47  Stimpack  
  38  3:48  Marine  
  41  3:54  Marine x2  
  43  3:57  Missile Turret  
  43  3:58  Barracks Tech Lab  
  43  3:59  SCV x2  
  45  4:07  Factory  
  45  4:09  SCV  
  46  4:11  SCV x2  
  46  4:14  Refinery  
  46  4:16  Refinery  
  48  4:19  Combat Shields  
  48  4:25  Supply Depot  
  48  4:26  SCV x3  
  48  4:30  Marauder  
  53  4:34  Marine x2  
  49  4:47  Marauder  
  49  4:49  SCV  
  49  4:50  SCV x2  
  49  4:51  Marine, Supply Depot, Marauder  
  56  4:56  Factory Reactor  
  56  4:57  Starport  
  55  5:04  SCV x2  
  54  5:07  Marine  
  54  5:08  Marine  
  54  5:13  Terran Infantry Weapons Level 1  
  54  5:14  Supply Depot, Marauder  
  58  5:17  SCV x2  
  59  5:24  Supply Depot  
  59  5:26  Marauder  
  60  5:29  Marine x2  
  60  5:33  SCV x3  
  64  5:45  Medivac x2, SCV x3  
  71  5:50  Factory Reactor  
  71  5:51  Barracks, Concussive Shells  
  71  5:52  Barracks  
  71  5:56  Refinery  
  71  6:00  Marine x2, Supply Depot, Marauder  
  75  6:06  SCV x3  
  75  6:11  Supply Depot, Marauder  
  80  6:17  Marine x2  
  82  6:22  Marauder  
  82  6:24  Medivac x2  
  88  6:26  SCV  
  88  6:27  SCV  
  90  6:37  Supply Depot, Missile Turret  
  90  6:39  Missile Turret, Orbital Command  
  90  6:40  Supply Depot, Liberator  
  90  6:41  Barracks Tech Lab  
  90  6:43  Missile Turret  
  90  6:46  Marine x3  
  93  6:55  SCV x2  
  93  6:57  Factory Reactor  
  93  7:00  Marauder  
  100  7:04  Supply Depot  
  100  7:05  SCV  
  101  7:10  Liberator  
  103  7:15  Marine  
  103  7:16  Marine, Marauder x2  
  103  7:22  Marauder  
  108  7:25  SCV  
  108  7:26  Liberator, SCV  
  108  7:29  Supply Depot x2, Terran Infantry Armor Level 1  
  113  7:30  Supply Depot, SCV  
  113  7:34  Marine x2  
  113  7:36  Widow Mine x2  
  118  7:37  SCV  
  124  7:45  SCV  
  124  7:50  SCV x2  
  127  7:51  Supply Depot  
  127  7:52  Supply Depot  
  127  7:56  Liberator  
  127  8:00  Marine x2, Marauder x2  
  127  8:01  Marauder  
  137  8:20  Liberator  
  137  8:25  Supply Depot, Armory, SCV x2  
  137  8:26  Engineering Bay  
  139  8:28  Refinery x2, Supply Depot  
  138  8:36  Marine x3, Command Center, Marauder x3  
  138  8:39  Liberator  
  150  8:46  SCV x3  
  153  8:58  Barracks  
  153  8:59  Barracks x2  
  153  9:02  Widow Mine x2  
  156  9:03  Marine x2, Marauder  
  156  9:04  Marauder x2  
  168  9:11  Supply Depot  
  168  9:14  Terran Infantry Weapons Level 2  
  168  9:15  Supply Depot  
  168  9:29  Terran Infantry Armor Level 2, Marine x2, Marauder x2  
  168  9:30  Marauder  
  176  9:36  Starport  
  176  9:39  Liberator  
  170  9:48  Planetary Fortress  
  168  9:56  Ghost Academy  
  172  10:10  Missile Turret  
  172  10:11  Marine  
  172  10:12  Barracks Reactor, Barracks Tech Lab x2  
  172  10:14  Widow Mine x2, Starport Reactor  
  173  10:16  Terran Ship Weapons Level 1  
  177  10:22  Marine x3  
  180  10:28  Refinery  
  180  10:29  Refinery  
  180  10:31  Ghost x4  
  180  10:32  Ghost  
  180  10:34  Marine  
  187  10:40  Marine  
  187  10:42  Widow Mine x2  
  182  10:59  Ghost, Marine x2  
  181  11:07  Liberator  
  159  11:23  Ghost x2  
  159  11:24  Marine x6  
  159  11:25  Marauder  
  161  11:41  Marine  
  161  11:42  Marine x5, Marauder  
  161  11:43  Terran Infantry Weapons Level 3  
  161  11:46  Marauder  
  141  11:48  Liberator x2  
  141  11:49  Marine  
  141  11:52  Marauder x2  
  124  11:59  Marine x2  
  124  12:00  Marine x3  
  127  12:03  Marauder  
  127  12:08  Marine x2, Marauder  
  136  12:14  SCV x3, Marauder x2  
  136  12:15  SCV  
  146  12:17  Marauder  
  146  12:18  Terran Infantry Armor Level 3  
  148  12:26  SCV x2  
  148  12:27  SCV  
  148  12:29  Command Center  
  151  12:37  Marine x3, Missile Turret  
  151  12:38  Marine x2  
  151  12:43  Liberator x3  
  156  12:49  Command Center  
  156  12:56  Liberator  
  154  12:59  Ghost x3  
  167  13:10  SCV x2  
  168  13:14  SCV x2  
  173  13:26  Liberator x2  
  169  13:34  Ghost x2  
  169  13:37  Marine x4, Marauder x3  
  184  13:57  Ghost x2  
  184  14:02  Liberator x2  
  188  14:16  Missile Turret  
  188  14:18  Ghost x2  
  197  14:32  Viking  
  197  14:34  Terran Ship Weapons Level 2  
  197  14:37  Planetary Fortress  
  198  14:59  Marine x2  
  187  15:00  Marauder  
  181  15:23  Marine x4, Marauder x2  
  181  15:28  Ghost x3  
  187  15:29  Viking  
  187  15:30  Marine  
  187  15:31  Marine  
  197  15:41  Marine x2  
  190  15:43  Marine x2  
  190  15:45  Marauder x2  
  190  15:48  Marine x2, Command Center  
  198  15:51  Viking  
  200  16:10  Marine x4  
  200  16:11  Marauder x2  
  183  16:14  Marine x2  
  183  16:15  Marine, Marauder x2  
  175  16:20  Viking x3  
  175  16:21  Viking  
  183  16:28  Marine  
  183  16:29  Marine x3  
  183  16:31  Marine  
  183  16:32  Marine x4  
  187  16:36  Marine  
  187  16:39  Marine  
  191  16:44  Sensor Tower  
  191  16:46  Marine x2  
  191  16:47  Marine  
  193  16:50  Viking x2  
  199  17:01  Planetary Fortress  
  199  17:10  Terran Ship Weapons Level 3  
  199  17:21  Starport  
  199  17:22  Refinery, Starport  
  199  17:23  Refinery, Command Center x2  
  194  17:51  Marine x2  
  184  17:52  Marauder  
  179  18:01  Ghost x4  
  179  18:03  Viking x2  
  179  18:04  Viking x4  
  179  18:11  Sensor Tower  
  179  18:12  Ghost  
  173  18:33  Medivac x2  
  173  18:34  Viking x3  
  178  18:37  Orbital Command x2  
  175  18:51  Marine  
  175  18:52  Ghost, Marine x3  
  175  18:53  Viking  
  181  19:02  Orbital Command  
  181  19:03  Viking x2  
  181  19:04  Viking  
  181  19:06  Medivac x2  
  191  19:19  Refinery  
  191  19:25  Ghost x3  
  191  19:29  Missile Turret  
  191  19:30  Refinery  
  197  19:31  Refinery  
  197  19:39  Viking  
  199  19:51  Orbital Command  
  196  20:00  Viking x2  
  196  20:06  Sensor Tower  
  200  20:09  Liberator x2  
  185  20:19  Marine x6, Marauder  
  185  20:20  Marauder x2  
  171  20:23  Liberator  
  171  20:25  Marine x2  
  162  20:37  Marine x4  
  162  20:40  Ghost x3  
  175  20:44  Marine x4  
  177  20:54  Marine x2  
  177  20:59  Marine x2  
  177  21:01  Marine x2  
  177  21:02  Medivac, Marauder x2  
  187  21:09  Marauder  
  185  21:11  Marine x2  
  185  21:12  Marine x2  
  183  21:23  Marauder  
  181  21:31  Marine x5  
  181  21:32  Marine, Marauder x3  
  170  21:33  Marine  
  170  21:38  Liberator x2  
  146  21:44  Marine  
  137  21:49  Marine x6  
  137  21:51  Marauder  
  137  21:53  Marine, Marauder x2  
  147  22:02  Marauder  
  147  22:07  Marine x6  
  155  22:11  Marauder  
  155  22:13  Viking x3, Marauder  
  155  22:14  Marine, Viking, Marauder  
  170  22:18  Terran Vehicle And Ship Armor Level 1  
  170  22:24  Marine, Marauder  
  170  22:29  Marine x5  
  176  22:32  Ghost x2  
  182  22:38  Viking x2  
  182  22:43  Viking x2  
  187  23:04  Orbital Command, Viking x2  
  190  23:08  Viking  
  192  23:17  Ghost x2, Viking x2  
  192  23:45  Ghost, Viking x2  
  192  23:47  Viking  
  153  23:56  Marine x4  
  153  23:57  Marine x3, Marauder x3  
  153  23:58  Viking x2  
  121  24:14  Marine x6  
Show
View Real Time Build Order
Export as new Build Order

IIIIIIIIIIII Protoss - Winner!

Build Orders: 1 Gate Expand 

Get SALT Encoding   

  12  0:01  Probe (Chrono Boost)  
  13  0:12  Probe (Chrono Boost)  
  14  0:18  Pylon  
  14  0:22  Probe (Chrono Boost)  
  15  0:36  Probe (Chrono Boost)  
  15  0:37  Gateway  
  16  0:43  Assimilator  
  16  0:47  Probe (Chrono Boost)  
  17  0:58  Probe (Chrono Boost)  
  18  1:08  Probe (Chrono Boost)  
  19  1:20  Nexus  
  19  1:23  Probe (Chrono Boost)  
  20  1:34  Cybernetics Core  
  20  1:36  Probe (Chrono Boost)  
  21  1:41  Assimilator  
  21  1:47  Probe (Chrono Boost)  
  21  1:52  Pylon  
  22  1:57  Probe (Chrono Boost)  
  23  2:04  Warp Gate  
  23  2:09  Stalker  
  23  2:11  Probe (Chrono Boost)  
  26  2:22  Probe (Chrono Boost)  
  27  2:27  Robotics Facility  
  27  2:32  Probe x2 (Chrono Boost)  
  29  2:39  Stalker  
  29  2:42  Probe (Chrono Boost)  
  32  2:44  Probe (Chrono Boost)  
  33  2:53  Probe (Chrono Boost)  
  33  2:55  Probe (Chrono Boost)  
  35  3:03  Probe (Chrono Boost)  
  36  3:06  Probe (Chrono Boost)  
  36  3:10  Warp Prism  
  39  3:15  Probe (Chrono Boost)  
  39  3:19  Probe (Chrono Boost)  
  41  3:23  Gateway  
  41  3:25  Gateway  
  42  3:28  Probe (Chrono Boost)  
  42  3:32  Pylon  
  44  3:36  Mothership Core (Chrono Boost)  
  44  3:40  Pylon, Probe (Chrono Boost)  
  45  3:46  Observer  
  45  3:48  Assimilator  
  45  3:52  Probe (Chrono Boost)  
  45  3:53  Twilight Council  
  45  3:55  Probe (Chrono Boost)  
  48  4:04  Probe (Chrono Boost)  
  48  4:06  Probe (Chrono Boost)  
  48  4:08  Stalker  
  52  4:16  Probe x2 (Chrono Boost)  
  54  4:20  Observer  
  54  4:22  Pylon  
  55  4:28  Stalker  
  55  4:29  Adept, Probe (Chrono Boost)  
  55  4:30  Probe (Chrono Boost)  
  61  4:40  Probe (Chrono Boost)  
  61  4:41  Probe (Chrono Boost)  
  63  4:49  Immortal  
  61  4:53  Blink  
  61  4:54  Probe (Chrono Boost)  
  61  4:56  Probe (Chrono Boost)  
  67  5:00  Stalker  
  69  5:09  Nexus  
  69  5:11  Pylon, Probe (Chrono Boost)  
  69  5:14  Pylon  
  70  5:22  Assimilator  
  70  5:25  Immortal  
  70  5:32  Probe (Chrono Boost)  
  70  5:34  Probe (Chrono Boost)  
  76  5:37  Gateway  
  76  5:38  Gateway  
  76  5:39  Forge  
  76  5:41  Forge  
  76  5:42  Pylon  
  76  5:43  Probe (Chrono Boost)  
  76  5:48  Sentry x3, Probe (Chrono Boost)  
  84  5:54  Probe (Chrono Boost)  
  85  5:59  Gateway  
  85  6:00  Probe (Chrono Boost)  
  85  6:01  Gateway  
  85  6:02  Observer  
  86  6:06  Probe (Chrono Boost)  
  86  6:10  Protoss Ground Armor Level 1, Protoss Ground Weapons Level 1  
  89  6:12  Probe (Chrono Boost)  
  89  6:17  Stalker x2  
  89  6:18  Probe (Chrono Boost)  
  94  6:24  Probe (Chrono Boost)  
  95  6:28  Probe (Chrono Boost)  
  95  6:30  Probe (Chrono Boost)  
  97  6:34  Assimilator  
  97  6:38  Probe (Chrono Boost)  
  97  6:39  Assimilator, Immortal, Probe (Chrono Boost)  
  99  6:41  Pylon  
  99  6:46  Pylon  
  103  6:52  Probe x2 (Chrono Boost)  
  103  6:53  Probe (Chrono Boost)  
  106  6:56  Pylon  
  106  6:57  Resonating Glaives  
  106  7:08  Stalker x4  
  108  7:10  Stalker  
  108  7:15  Adept x2  
  119  7:16  Observer  
  120  7:33  Adept x5  
  130  7:38  Pylon  
  130  7:40  Pylon  
  130  7:43  Pylon  
  130  7:45  Pylon  
  130  7:47  Templar Archives, Pylon  
  130  7:48  Gateway  
  130  7:51  Immortal  
  134  8:00  Nexus  
  134  8:02  Pylon  
  134  8:06  Adept x4  
  134  8:07  Protoss Ground Armor Level 2  
  142  8:14  Protoss Ground Weapons Level 2  
  134  8:21  Pylon  
  134  8:25  Warp Prism, Pylon  
  132  8:34  Psionic Storm  
  134  8:39  High Templar x2  
  134  8:40  Adept x5  
  148  8:49  Pylon  
  146  8:58  Stalker  
  148  9:06  Gateway  
  148  9:07  Gateway  
  148  9:15  Adept x3, High Templar x2  
  148  9:16  Adept x2  
  162  9:18  Warp Prism  
  162  9:22  Probe x3 (Chrono Boost)  
  162  9:23  Probe (Chrono Boost)  
  168  9:30  Pylon  
  166  9:32  Pylon, Probe (Chrono Boost)  
  166  9:34  Probe x2 (Chrono Boost)  
  169  9:52  Stalker x5  
  173  9:53  Stalker x3  
  173  9:56  Probe (Chrono Boost)  
  186  10:16  Assimilator x2  
  186  10:18  Immortal  
  186  10:21  Gateway, Stargate  
  186  10:22  Gateway, Protoss Air Weapons Level 1  
  186  10:23  Gateway  
  186  10:24  Adept x3  
  186  10:26  Gateway, Adept  
  186  10:28  High Templar  
  200  10:29  Pylon  
  150  11:13  Immortal  
  150  11:20  Adept x2  
  150  11:21  Adept x8  
  168  11:38  Archon x2  
  164  11:40  Protoss Ground Armor Level 3  
  164  11:42  Protoss Ground Weapons Level 3  
  148  11:48  Immortal  
  148  11:52  Stalker x8  
  148  11:53  Void Ray, Stalker x2  
  159  12:06  Fleet Beacon  
  159  12:17  Nexus  
  159  12:19  Assimilator  
  159  12:24  Assimilator  
  159  12:25  Pylon  
  159  12:27  Pylon  
  159  12:29  Adept x5, Pylon  
  169  12:30  Adept x3  
  169  12:32  High Templar x3  
  169  12:36  Probe (Chrono Boost)  
  180  12:55  Observer  
  173  13:16  Immortal  
  169  13:25  Adept  
  169  13:26  Adept x13  
  193  13:29  Probe (Chrono Boost)  
  194  13:38  Stargate  
  194  13:40  Stargate  
  181  13:57  Immortal  
  181  14:01  Photon Cannon, Probe (Chrono Boost)  
  192  14:04  Protoss Shields Level 1, Photon Cannon  
  192  14:06  Photon Cannon  
  192  14:07  Probe x2 (Chrono Boost)  
  192  14:09  Photon Cannon  
  194  14:12  Protoss Air Weapons Level 2  
  194  14:22  Adept x3  
  194  14:23  Probe (Chrono Boost)  
  198  14:40  Nexus  
  198  14:42  Assimilator  
  198  14:46  Assimilator  
  198  14:51  Pylon  
  194  14:55  Pylon  
  174  15:02  Tempest x3  
  174  15:03  Observer  
  185  15:07  High Templar x2  
  185  15:08  High Templar  
  185  15:13  High Templar  
  185  15:14  High Templar x2  
  195  15:16  Probe (Chrono Boost)  
  192  15:32  Stalker, Pylon  
  192  15:33  Stalker x4  
  196  15:45  Oracle  
  198  15:55  Photon Cannon  
  198  15:56  Photon Cannon  
  198  16:02  Nexus  
  178  16:12  Tempest x2  
  178  16:15  Immortal  
  180  16:20  Tempest  
  184  16:48  Adept x3  
  184  16:49  Adept x5  
  184  16:53  Protoss Air Weapons Level 3, Oracle  
  200  16:54  Protoss Shields Level 2  
  200  17:03  Pylon  
  200  17:04  Pylon x2  
  200  17:11  Robotics Facility  
  200  17:14  Robotics Bay  
  200  17:15  Robotics Facility  
  200  17:22  Assimilator  
  200  17:24  Assimilator  
  200  17:26  Photon Cannon x2  
  200  17:29  Photon Cannon  
  200  17:31  Photon Cannon  
  184  17:57  Adept x11  
  184  17:58  Warp Prism, Adept x2  
  200  18:00  Tempest  
  200  18:05  Tempest  
  196  18:09  Pylon  
  196  18:37  Tempest  
  196  19:16  Pylon  
  196  19:17  Pylon  
  196  19:20  Protoss Shields Level 3  
  196  19:27  Protoss Air Armor Level 1  
  196  19:39  Tempest  
  196  19:43  Graviton Catapult  
  200  19:51  Observer Gravitic Boosters  
  194  20:21  Tempest  
  153  20:24  Stalker  
  153  20:25  Stalker x9  
  153  20:26  Stalker, Tempest  
  142  20:32  Immortal x3, Tempest  
  142  20:35  Adept x2  
  154  20:48  Extended Thermal Lance  
  152  20:50  Adept x8  
  152  20:51  Adept x4  
  168  20:58  Tempest  
  172  21:10  Tempest  
  176  21:12  Adept x6  
  176  21:13  Adept x5  
  186  21:21  Colossus x3  
  196  21:32  Stalker x7  
  184  21:35  Stalker x3  
  184  21:37  Adept x3  
  170  21:41  Adept  
  160  22:05  Tempest  
  160  22:06  High Templar  
  160  22:07  High Templar x4  
  160  22:08  High Templar x2  
  172  22:09  Sentry  
  172  22:11  Tempest x2  
  172  22:14  Mothership Core (Chrono Boost)  
  172  22:15  Protoss Air Armor Level 2  
  190  22:17  Pylon  
  190  22:18  Pylon  
  190  22:29  Disruptor x3  
  199  22:41  Nexus  
  199  22:42  Pylon  
  196  22:51  Adept x2  
  196  22:52  Adept  
  198  23:19  Pylon  
  198  23:28  Assimilator  
  198  23:30  Assimilator  
  198  23:47  Archon x2  
  169  24:11  Adept x6  
  169  24:12  Adept x4  
  189  24:19  Stalker x4  
Tags
 
Add a new tag
Caveats
  • Supply blocks, unpowered buildings, or Contaminate may cause inaccurate times.
  • Supply counts are checked every 10 seconds.